 Dungeon Crawl Stone Soup version 0.31-a0-236-g9a0961fb85 (webtiles) character file.

Game seed: 2896044949651718019

39 qw the Shooter (level 3, -1/29 HPs)
             Began as a Minotaur Hexslinger on July 10, 2023.
             Slain by an adder (4 damage)
             ... on level 2 of the Dungeon.
             The game lasted 00:00:22 (607 turns).

qw the Shooter (Minotaur Hexslinger)                 Turns: 607, Time: 00:00:23

Health: -1/29      AC:  3    Str: 12    XL:     3   Next: 26%
Magic:  3/3        EV: 12    Int: 10    God:
Gold:   60         SH:  0    Dex: 14    Spells: 3/4 levels left

rFire   . . .        Y - +1 sling
rCold   . . .        (no shield)
rNeg    . . .        k - +0 leather armour
rPois   .            (helmet restricted)
rElec   .            (no cloak)
rCorr   .            (no gloves)
SInv    .            (no boots)
Will    .....        (no amulet)
Stlth   +            (no ring)
HPRegen 0.24/turn    (no ring)
MPRegen 0.08/turn

%: no passive effects
@: confused
A: horns 2, retaliatory headbutt
a: no special abilities


You were on level 2 of the Dungeon.
You visited 1 branch of the dungeon, and saw 2 of its levels.

You collected 60 gold pieces.


Innate Abilities, Weirdness & Mutations

You have a pair of horns on your head.
You reflexively headbutt those who attack you in melee.


   Skills:
 - Level 2.1 Fighting
 + Level 3.8 Ranged Weapons
 - Level 2.1 Dodging
 - Level 1.0 Spellcasting
 - Level 2.0 Hexes


You had 3 spell levels left.
You knew the following spells:

 Your Spells              Type           Power      Damage    Failure   Level
a - Slow                  Hex            16%        N/A       19%         1

Your spell library contained the following spells:

 Spells                   Type           Power      Damage    Failure   Level
 Inner Flame              Hex/Fire       2%         N/A       65%         3
 Portal Projectile        Hex/Tloc       4%         N/A       65%         3
 Cause Fear               Hex            2%         N/A       88%         4

Inventory:

Hand Weapons
 Y - a +1 sling (weapon)
Armour
 k - a +0 leather armour (worn)
Potions
 f - a potion of mutation {unknown}
 j - a potion of might {unknown}

Dungeon Overview and Level Annotations

Branches:
Dungeon (2/15)

Altars:


Message History

You shoot a sling bullet. The sling bullet hits the worm.
The worm is almost dead.
You shoot a sling bullet.
The sling bullet hits the worm but does no damage.
The worm is almost dead.
The orc wizard gestures wildly while chanting.
The orc wizard flickers and vanishes!
Deactivating autopickup; reactivate with Ctrl-A.
The orc priest closely misses you. The worm bites you.
You hear a shout!
You shoot a sling bullet. The sling bullet hits the worm.
The worm is almost dead.
The orc priest barely misses you. You furiously retaliate!
You headbutt the orc priest. The adder closely misses you.
You shoot a sling bullet.
The sling bullet hits the worm but does no damage.
The worm is almost dead.
The adder barely misses you. The orc priest closely misses you.
The worm bites you.
You shoot a sling bullet. The sling bullet hits the worm.
You kill the worm!
The adder misses you. You furiously retaliate!
You headbutt the adder.
The orc priest casts a cantrip, but nothing happens.
A hobgoblin comes into view.
The adder bites you.
The orc priest calls down the wrath of Beogh upon you.
Beogh smites you!
You shoot a sling bullet.
The sling bullet hits the orc priest but does no damage.
The orc priest is moderately wounded.
The adder bites you but does no damage. The orc priest closely misses you.
You furiously retaliate!
You headbutt the orc priest.
An orc comes into view. It is wielding a +0 dagger.
You hear some strange, mumbled words.
You are confused.
The adder barely misses you.
The orc shouts!
You hear a shout!
A ball python comes into view.
The adder bites you.
You die...

##....oS... . ..........
#? .....g....
#.####.......#
#...........#
#...........# .
.#......o%...##.#
........@S.......
#...........##.
.............#...
..#.............#
.........#......##.....
.................#####.
.............)....####.##
........................#
............)....#####...


You could see an orc priest, an adder, an orc, a hobgoblin and a ball python
(wandering).

Vanquished Creatures
  A worm (D:2)
  2 dart slugs (D:1)
  3 ball pythons
  4 endoplasms
  3 giant cockroaches
  2 goblins (D:1)
  5 hobgoblins (D:1)
  2 jackals (D:2)
  A quokka (D:1)
  A bat (D:1)
  2 frilled lizards (D:2)
  2 rats (D:1)
28 creatures vanquished.

Notes
Turn   | Place    | Note
-------+----------+-------------------------------------------
     0 | D:1      | qw the Minotaur Hexslinger began the quest for the Orb.
     0 | D:1      | Reached XP level 1. HP: 16/16 MP: 1/1
     0 | D:1      | 0 ||| qw: Version: 0.3-a-52-g30416fa
     0 | D:1      | 0 ||| qw: Game counter: 4775
     0 | D:1      | 0 ||| qw: Melee chars always use a shield: true
     0 | D:1      | 0 ||| qw: God list: Okawaru
     0 | D:1      | 0 ||| qw: Allow faded altars: false
     0 | D:1      | 0 ||| qw: Do Orc after clearing Dungeon:15 true
     0 | D:1      | 0 ||| qw: Do second Lair branch before Depths: true
     0 | D:1      | 0 ||| qw: Lair rune preference: random
     0 | D:1      | 0 ||| qw: Goals: Normal
     0 | D:1      | 0 ||| PLANNING D:1-11
    35 | D:1      | 35 ||| FLEEEEING.
    36 | D:1      | 36 ||| FLEEEEING.
    37 | D:1      | 37 ||| FLEEEEING.
    38 | D:1      | 38 ||| FLEEEEING.
    77 | D:1      | Reached skill level 3 in Ranged Weapons
    77 | D:1      | Reached XP level 2. HP: 23/23 MP: 2/2
   520 | D:1      | 520 ||| UPGRADING to +0 leather armour.
   530 | D:1      | 530 ||| DROPPING +0 robe.
   531 | D:1      | 531 ||| READING scroll labelled TASEETHAMPO.
   532 | D:1      | 532 ||| READING scroll labelled MEIPTI ZEONT.
   533 | D:1      | 533 ||| READING scroll labelled VOEDGH QEEPS.
   534 | D:1      | 534 ||| READING scroll labelled WAEKUCK VIPYWK.
   535 | D:1      | 535 ||| DRINKING 2 grey potions.
   536 | D:1      | 536 ||| DROPPING scroll of poison.
   537 | D:1      | 537 ||| DROPPING potion of invisibility.
   558 | D:2      | Reached XP level 3. HP: 29/29 MP: 3/3
   605 | D:2      | HP: 3/29 [orc priest/divine providence (11)]
   607 | D:2      | Slain by an adder

Levels and vault maps discovered:
D:1:      minmay_arrival_four_loops, layout_rooms, minivault_27
D:2:      layout_rooms, item_on_display_a

Skill      XL: |  1  2 |
---------------+-------+-----
Ranged Weapons | 3 |  3.8
Fighting       | 2 |  2.1
Dodging        | |  2.1
Spellcasting   | |  1.0
Hexes          | |  2.0

Action                     || total
---------------------------++-------
   Fire: Sling             ||    89
    Use: Scroll            ||     4
         Potion            ||     1
 Armour: Robe              ||     1
         Leather armour    ||     4
  Dodge: Dodged            ||    31

Table legend:
 A = Non-vault XP
 B = Vault XP
 C = Vault XP percentage of total XP
 D = Non-vault monster count
 E = Vault monster count
 F = Vault count percentage of total count
                 A         B        C        D         E       F
            +---------+---------+-------+---------+---------+-------
      Total |      56 |       0 |   0.0 |      28 |       0 |   0.0
            +---------+---------+-------+---------+---------+-------
        D:1 |      40 |       0 |   0.0 |      20 |       0 |   0.0
        D:2 |      16 |       0 |   0.0 |       8 |       0 |   0.0
            +---------+---------+-------+---------+---------+-------
